3A
WASHINGTON GENERALS @ DELAWARE 1787 BC
08/30/2022
 
TOP OF THE 1ST
Washington Generals batting - Pitching for Delaware 1787 BC : RHP José Cabrera
Pitching: RHP José Cabrera
Batting: RHB Iván Rodríguez 0-0: Fly out, F8 (Flyball, 8LD)
Batting: LHB Jim Unknown 0-0: Called Strike
0-1: Ball
1-1: Ball
2-1: Called Strike
2-2: Foul Ball, location: 2F
2-2: Foul Ball, location: 2F
2-2: Foul Ball, location: 2F
2-2: Foul Ball, location: 2F
2-2: Ball
3-2: Strikes out swinging
Batting: RHB Carlos Correa 0-0: Called Strike
0-1: Called Strike
0-2: Ball
1-2: Ball
2-2: Ground out 1-3 (Groundball, 13S)
Top of the 1st over - 0 run(s), 0 hit(s), 0 error(s), 0 left on base; Washington 0 - Delaware 0
BOTTOM OF THE 1ST
Delaware 1787 BC batting - Pitching for Washington Generals : RHP Xavier Benítez
Pitching: RHP Xavier Benítez
Batting: LHB Tony Vega 0-0: Foul Ball, location: 2F
0-1: Ball
1-1: Ball
2-1: Swinging Strike
2-2: Strikes out looking
Batting: LHB José Cordero 0-0: Called Strike
0-1: Bunt missed!
0-2: DOUBLE (Flyball, 8LM)
Batting: RHB Jim Scott 0-0: Called Strike
José Cordero steals 3rd base
0-1: Ball
1-1: Called Strike
1-2: SINGLE (Groundball, 34D)
José Cordero scores
Batting: RHB Jorge Figueroa 0-0: Called Strike
0-1: Foul Ball, location: 2F
0-2: Foul Ball, location: 2F
0-2: Ball
1-2: Strikes out looking
Batting: RHB Henrique Shearman 0-0: Ball
1-0: SINGLE (Groundball, 56D)
Jim Scott to second
Batting: RHB Pedro Rivera 0-0: Called Strike
0-1: Foul Ball, location: 2F
0-2: Foul Ball, location: 2F
0-2: Foul Ball, location: 2F
0-2: Fly out, F9 (Flyball, 89M)
Bottom of the 1st over - 1 run(s), 3 hit(s), 0 error(s), 2 left on base; Washington 0 - Delaware 1
TOP OF THE 2ND
Washington Generals batting - Pitching for Delaware 1787 BC : RHP José Cabrera
Batting: RHB Arturo Morales 0-0: Ball
1-0: Ball
2-0: Called Strike
2-1: Fly out, F7 (Flyball, 78M)
Batting: SHB Carlos Alicea 0-0: Called Strike
0-1: Foul Ball, location: 2F
0-2: Strikes out swinging
Batting: LHB Michael Whorton 0-0: Called Strike
0-1: Ball
1-1: Called Strike
1-2: Foul Ball, location: 2F
1-2: SINGLE (Line Drive, 6M)
Batting: RHB Jenkins Hall 0-0: Ball
Michael Whorton is caught stealing 2nd base
Top of the 2nd over - 0 run(s), 1 hit(s), 0 error(s), 0 left on base; Washington 0 - Delaware 1
BOTTOM OF THE 2ND
Delaware 1787 BC batting - Pitching for Washington Generals : RHP Xavier Benítez
Batting: LHB Salvador Avilés 0-0: Ball
1-0: Called Strike
1-1: Foul Ball, location: 2F
1-2: Ball
2-2: Ball
3-2: Foul Ball, location: 2F
3-2: Foul Ball, location: 2F
3-2: Foul Ball, location: 2F
3-2: Fly out, F5 (Popup, 5F)
Batting: RHB Mike Greene 0-0: Ball
1-0: Ball
2-0: Foul Ball, location: 2F
2-1: Ball
3-1: Base on Balls
Batting: SHB Alonso Solís 0-0: Called Strike
0-1: Called Strike
0-2: Grounds into double play, 1-6-3 (Groundball, 13)
Bottom of the 2nd over - 0 run(s), 0 hit(s), 0 error(s), 0 left on base; Washington 0 - Delaware 1
TOP OF THE 3RD
Washington Generals batting - Pitching for Delaware 1787 BC : RHP José Cabrera
Batting: RHB Jenkins Hall 0-0: Ball
1-0: Ball
2-0: Ball
3-0: Called Strike
3-1: Called Strike
3-2: SINGLE (Groundball, 4MD) (infield hit)
Batting: RHB Tim Lehman 0-0: Ball
1-0: Foul Ball, location: 2F
1-1: Ball
2-1: SINGLE (Line Drive, 4D)
Jenkins Hall to second
Batting: RHB Andy Moore 0-0: Ball
1-0: Ball
2-0: Called Strike
2-1: Ball
3-1: Fielders Choice at 2nd, 4-6 (Groundball, 4)
Jenkins Hall to third
Batting: RHB Iván Rodríguez 0-0: Ball
Andy Moore is caught stealing 2nd base
1-0: Ball
2-0: Called Strike
2-1: Swinging Strike
2-2: Ball
3-2: Strikes out swinging
Top of the 3rd over - 0 run(s), 2 hit(s), 0 error(s), 1 left on base; Washington 0 - Delaware 1
BOTTOM OF THE 3RD
Delaware 1787 BC batting - Pitching for Washington Generals : RHP Xavier Benítez
Batting: LHB Tony Vega 0-0: Fly out, F9 (Line Drive, 9M)
Batting: LHB José Cordero 0-0: Foul Ball, location: 2F
0-1: Called Strike
0-2: Strikes out swinging
Batting: RHB Jim Scott 0-0: SINGLE (Line Drive, 4MD)
Batting: RHB Jorge Figueroa 0-0: Called Strike
0-1: Swinging Strike
0-2: Fly out, F9 (Flyball, 89D)
Bottom of the 3rd over - 0 run(s), 1 hit(s), 0 error(s), 1 left on base; Washington 0 - Delaware 1
TOP OF THE 4TH
Washington Generals batting - Pitching for Delaware 1787 BC : RHP José Cabrera
Batting: LHB Jim Unknown 0-0: Foul Ball, location: 2F
0-1: SOLO HOME RUN (Line Drive, 9D), Distance : 364 ft
Batting: RHB Carlos Correa 0-0: Ball
1-0: Foul Ball, location: 2F
1-1: Called Strike
1-2: SINGLE (Line Drive, 8RS)
Batting: RHB Arturo Morales 0-0: Ball
Carlos Correa steals 2nd base
1-0: Ball
2-0: Foul Ball, location: 2F
2-1: Ground out 5-3 (Groundball, 56)
Batting: SHB Carlos Alicea 0-0: Ball
1-0: Ground out 3-1 (Groundball, 34)
Carlos Correa to third
Batting: LHB Michael Whorton 0-0: Foul Ball, location: 2F
0-1: Foul Ball, location: 2F
0-2: Foul Ball, location: 2F
0-2: Ball
1-2: Strikes out swinging
Top of the 4th over - 1 run(s), 2 hit(s), 0 error(s), 1 left on base; Washington 1 - Delaware 1
BOTTOM OF THE 4TH
Delaware 1787 BC batting - Pitching for Washington Generals : RHP Xavier Benítez
Batting: RHB Henrique Shearman 0-0: Ground out 5-3 (Groundball, 5S)
Batting: RHB Pedro Rivera 0-0: Ball
1-0: Ground out 4-3 (Groundball, 4)
Batting: LHB Salvador Avilés 0-0: Ball
1-0: Ball
2-0: SINGLE (Line Drive, 7S)
Batting: RHB Mike Greene 0-0: SINGLE (Flyball, 6MD)
Salvador Avilés to second
Runner from 2nd tries for 3rd, OUT!
Bottom of the 4th over - 0 run(s), 2 hit(s), 0 error(s), 1 left on base; Washington 1 - Delaware 1
TOP OF THE 5TH
Washington Generals batting - Pitching for Delaware 1787 BC : RHP José Cabrera
Batting: RHB Jenkins Hall 0-0: Called Strike
0-1: Ball
1-1: DOUBLE (Line Drive, 78D)
Batting: RHB Tim Lehman 0-0: Called Strike
0-1: Ball
1-1: Ball
2-1: Fly out, F8 (Flyball, 8LM)
Batting: RHB Andy Moore 0-0: Ball
1-0: Ball
2-0: Called Strike
2-1: Foul Ball, location: 2F
2-2: Strikes out swinging
Batting: RHB Iván Rodríguez 0-0: Ball
1-0: Called Strike
1-1: Ball
2-1: Foul Ball, location: 2F
2-2: Strikes out swinging
Top of the 5th over - 0 run(s), 1 hit(s), 0 error(s), 1 left on base; Washington 1 - Delaware 1
BOTTOM OF THE 5TH
Delaware 1787 BC batting - Pitching for Washington Generals : RHP Xavier Benítez
Batting: SHB Alonso Solís 0-0: Called Strike
0-1: Ball
1-1: Ball
2-1: Foul Ball, location: 2F
2-2: Foul Ball, location: 2F
2-2: Fly out, F4 (Popup, 15)
Batting: LHB Tony Vega 0-0: Foul Ball, location: 2F
0-1: Foul Ball, location: 2F
0-2: Strikes out swinging
Batting: LHB José Cordero 0-0: Ball
1-0: Called Strike
1-1: Ball
2-1: SINGLE (Groundball, 6M)
Batting: RHB Jim Scott 0-0: Called Strike
José Cordero is caught stealing 2nd base
Bottom of the 5th over - 0 run(s), 1 hit(s), 0 error(s), 0 left on base; Washington 1 - Delaware 1
TOP OF THE 6TH
Washington Generals batting - Pitching for Delaware 1787 BC : RHP José Cabrera
Batting: LHB Jim Unknown 0-0: Ball
1-0: Foul Ball, location: 2F
1-1: Swinging Strike
1-2: Ball
2-2: Strikes out swinging
Batting: RHB Carlos Correa 0-0: Called Strike
0-1: Ball
1-1: Foul Ball, location: 2F
1-2: Fly out, F8 (Flyball, 89D)
Batting: RHB Arturo Morales 0-0: Ball
1-0: Fly out, F8 (Flyball, 8LM)
Top of the 6th over - 0 run(s), 0 hit(s), 0 error(s), 0 left on base; Washington 1 - Delaware 1
BOTTOM OF THE 6TH
Delaware 1787 BC batting - Pitching for Washington Generals : RHP Xavier Benítez
Batting: RHB Jim Scott 0-0: Swinging Strike
0-1: Foul Ball, location: 2F
0-2: Foul Ball, location: 2F
0-2: Ball
1-2: Fly out, F3 (Line Drive, 34)
Batting: RHB Jorge Figueroa 0-0: Foul Ball, location: 2F
0-1: Ball
1-1: Ground out 5-3 (Groundball, 5)
Batting: RHB Henrique Shearman 0-0: Ball
1-0: Ball
2-0: Ball
3-0: Swinging Strike
3-1: Base on Balls
Batting: RHB Pedro Rivera 0-0: Called Strike
0-1: Ball
1-1: Ball
2-1: Foul Ball, location: 2F
2-2: Fly out, F2 (Popup, 2LF)
Bottom of the 6th over - 0 run(s), 0 hit(s), 0 error(s), 1 left on base; Washington 1 - Delaware 1
TOP OF THE 7TH
Washington Generals batting - Pitching for Delaware 1787 BC : RHP José Cabrera
Batting: SHB Carlos Alicea 0-0: Ball
1-0: Called Strike
1-1: Ball
2-1: SINGLE (Groundball, 5D)
Batting: LHB Michael Whorton 0-0: Called Strike
Carlos Alicea is caught stealing 2nd base
0-1: Called Strike
0-2: Strikes out swinging
Batting: RHB Jenkins Hall 0-0: Foul Ball, location: 2F
0-1: Ball
1-1: Ball
2-1: Ball
3-1: Called Strike
3-2: Fly out, F9 (Flyball, 89M)
Top of the 7th over - 0 run(s), 1 hit(s), 0 error(s), 0 left on base; Washington 1 - Delaware 1
BOTTOM OF THE 7TH
Delaware 1787 BC batting - Pitching for Washington Generals : RHP Xavier Benítez
Batting: LHB Salvador Avilés 0-0: Ball
1-0: Called Strike
1-1: SINGLE (Line Drive, 7S)
Batting: RHB Mike Greene 0-0: Bunted foul
0-1: Ball
1-1: Sac Bunt - play at second, runner OUT! 5-6
Batting: SHB Alonso Solís 0-0: Swinging Strike
0-1: Ball
1-1: Ball
2-1: Fielders Choice at 2nd, 4-6 (Groundball, 34)
Batting: LHB Tony Vega 0-0: Ball
1-0: Foul Ball, location: 2F
1-1: Ball
2-1: Called Strike
Alonso Solís is caught stealing 2nd base
Bottom of the 7th over - 0 run(s), 1 hit(s), 0 error(s), 0 left on base; Washington 1 - Delaware 1
TOP OF THE 8TH
Washington Generals batting - Pitching for Delaware 1787 BC : RHP José Cabrera
Batting: RHB Tim Lehman 0-0: Ball
1-0: Called Strike
1-1: Foul Ball, location: 2F
1-2: Ball
2-2: Fly out, F9 (Popup, 89S)
Pitching: LHP Jim Unknown
Batting: RHB Andy Moore 0-0: Called Strike
0-1: Swinging Strike
0-2: Strikes out looking
Batting: RHB Iván Rodríguez 0-0: Swinging Strike
0-1: Foul Ball, location: 2F
0-2: Foul Ball, location: 2F
0-2: Ball
1-2: Foul Ball, location: 2F
1-2: Ball
2-2: Ball
3-2: Strikes out swinging
Top of the 8th over - 0 run(s), 0 hit(s), 0 error(s), 0 left on base; Washington 1 - Delaware 1
BOTTOM OF THE 8TH
Delaware 1787 BC batting - Pitching for Washington Generals : RHP Xavier Benítez
Batting: LHB Tony Vega 0-0: Called Strike
0-1: Swinging Strike
0-2: Ball
1-2: SINGLE (Groundball, 34D)
Pitching: RHP Dorian Roberts
Batting: LHB José Cordero 0-0: Ball
1-0: Called Strike
1-1: Bunted foul
1-2: Foul Ball, location: 2F
1-2: Strikes out swinging
Batting: RHB Jim Scott 0-0: Called Strike
Throwing error on steal attempt, E2
Tony Vega to third
0-1: Ball
1-1: Intentional Walk
Pinch Hitting: RHB Jim Unknown 0-0: SINGLE (Line Drive, 34)
Tony Vega scores
Jim Scott to second
Batting: RHB Henrique Shearman 0-0: Swinging Strike
0-1: Ball
1-1: Foul Ball, location: 2F
1-2: Fly out, F3 (Popup, 3F)
Batting: RHB Pedro Rivera 0-0: Called Strike
0-1: Ball
1-1: Ground out 4-3 (Groundball, 13)
Bottom of the 8th over - 1 run(s), 2 hit(s), 1 error(s), 2 left on base; Washington 1 - Delaware 2
TOP OF THE 9TH
Washington Generals batting - Pitching for Delaware 1787 BC : LHP Jim Unknown
Pitching: RHP Jim Unknown
Now in LF: Jim Unknown
Batting: LHB Jim Unknown 0-0: Called Strike
0-1: Called Strike
0-2: Ball
1-2: Strikes out looking
Pinch Hitting: RHB Alejandro Márquez 0-0: Foul Ball, location: 2F
0-1: Foul Ball, location: 2F
0-2: Strikes out looking
Batting: RHB Arturo Morales 0-0: Called Strike
0-1: Ball
1-1: Foul Ball, location: 2F
1-2: Ball
2-2: Foul Ball, location: 2F
2-2: Strikes out looking
Top of the 9th over - 0 run(s), 0 hit(s), 0 error(s), 0 left on base; Washington 1 - Delaware 2
This league is powered by Out of the Park Baseball, the baseball management simulation game for PC, Mac and Linux
Friday, April 15th, 2016 - OOTP Baseball 16.9 Build 39